 Dungeon Crawl Stone Soup version 0.31-a0-187-gba352fbbf7 (webtiles) character file.

Game seed: 13041623473026958063

8 qw the Shooter (level 2, 0/16 HPs)
             Began as a Deep Elf Hunter on June 22, 2023.
             Succumbed to their own poison gas
             ... on level 1 of the Dungeon.
             The game lasted 00:00:09 (450 turns).

qw the Shooter (Deep Elf Hunter)                     Turns: 450, Time: 00:00:09

Health: 0/16       AC:  5    Str:  8    XL:     2   Next: 0%
Magic:  4/4        EV: 10    Int: 13    God:
Gold:   9          SH:  0    Dex: 18    Spells: 1/1 levels left

rFire   . . .        Y - +0 shortbow
rCold   . . .        (shield currently unavailable)
rNeg    . . .        g - +0 ring mail
rPois   .            (no helmet)
rElec   .            (no cloak)
rCorr   .            (no gloves)
SInv    .            (no boots)
Will    +....        f - amulet of guardian spirit
Stlth   +            i - ring of willpower
HPRegen 0.22/turn    (no ring)
MPRegen 0.09/turn

%: guardian spirit
@: lethally poisoned (0 -> -4)
A: no striking features
a: no special abilities


You were on level 1 of the Dungeon.
You visited 1 branch of the dungeon, and saw 1 of its levels.

You collected 9 gold pieces.


   Skills:
 - Level 1.5 Fighting
 + Level 5.9 Ranged Weapons
 - Level 2.4 Dodging
 - Level 1.2 Stealth


You had one spell level left.
You didn't know any spells.
Your spell library was empty.

Inventory:

Hand Weapons
 Y - a +0 shortbow (weapon)
Armour
 g - a +0 ring mail (worn)
Jewellery
 f - an amulet of guardian spirit (around neck)
 i - a ring of willpower (left hand)
Potions
 h - a potion of curing {unknown}
 j - a potion of mutation {unknown}

Dungeon Overview and Level Annotations

Branches:
Dungeon (1/15)

Altars:


Message History

Done exploring.
441 ||| DROPPING 3 scrolls of poison.
You drop 3 scrolls of poison.
Done exploring.
442 ||| DROPPING scroll of butterflies.
You drop a scroll of butterflies.
Done exploring.
443 ||| DROPPING scroll of blinking.
You drop a scroll of blinking.
Done exploring.
(D) Dungeon
Where to? (* - list waypoints, ? - help)
What level of the Dungeon? (default 1, ? - help) Sorry, I don't know how to get there.
Enter note:
Enter note:
Enter note:
Enter note:
Enter note:
Enter note:
Enter note:
Enter note:
Enter note:
Enter note:
Enter note:
Enter note: Really walk into that cloud of poison gas?
You are engulfed in poison gas.
You are lethally poisoned!
You feel very sick.
445 ||| Stepping ~*~*~tactically~*~*~ (cloud).
You feel very sick.
Items here: ??? [.
There is a lethal amount of poison in your body!
You feel sick.
There is a lethal amount of poison in your body!
You feel sick.
There is a lethal amount of poison in your body!
You feel sick.
There is a lethal amount of poison in your body!
You feel sick.
There is a lethal amount of poison in your body!
You die...

...######..)...###
...(.......>...+¤#
...######......#.#
...# ###......#¤####
...####.'......¤¤¤00#
........#......#0¤0¤#
#####.##########0¤¤¤#
#####.##########¤¤¤¤#
#.............##@.¤0#
#.............##0.0¤#
#..#######.#..##.00.#
#..#.......#..##¤.¤0#
...#.......#..##...0#
#..#.......#..##.00.#
#..#..........##¤¤¤.#
#......<...#..#######
#..#.......#..########


There were no monsters in sight!

Vanquished Creatures
  A bat (D:1)
  An endoplasm (D:1)
  2 goblins (D:1)
  2 hobgoblins (D:1)
6 creatures vanquished.

Notes
Turn   | Place    | Note
-------+----------+-------------------------------------------
     0 | D:1      | qw the Deep Elf Hunter began the quest for the Orb.
     0 | D:1      | Reached XP level 1. HP: 12/12 MP: 3/3
     0 | D:1      | 0 ||| qw: Version: 0.3-a-9-g12657ce
     0 | D:1      | 0 ||| qw: Game counter: 2089
     0 | D:1      | 0 ||| qw: Always use a shield: true
     0 | D:1      | 0 ||| qw: God list: Okawaru
     0 | D:1      | 0 ||| qw: Allow faded altars: false
     0 | D:1      | 0 ||| qw: Do Orc after D:15 true
     0 | D:1      | 0 ||| qw: Do second Lair branch before Depths: true
     0 | D:1      | 0 ||| qw: Lair rune preference: random
     0 | D:1      | 0 ||| qw: Plans: Normal
     0 | D:1      | 0 ||| PLANNING D:1-11
   214 | D:1      | Reached XP level 2. HP: 16/16 MP: 4/4
   422 | D:1      | 422 ||| UPGRADING to +0 ring mail.
   432 | D:1      | 432 ||| DROPPING +0 leather armour.
   433 | D:1      | 433 ||| UPGRADING to amulet of guardian spirit.
   438 | D:1      | 438 ||| UPGRADING to ring of willpower.
   439 | D:1      | 439 ||| READING 4 scrolls labelled ZUEF VI BOA.
   440 | D:1      | 440 ||| READING 2 scrolls labelled EZIOQO HIRIY.
   441 | D:1      | 441 ||| DROPPING 3 scrolls of poison.
   442 | D:1      | 442 ||| DROPPING scroll of butterflies.
   443 | D:1      | 443 ||| DROPPING scroll of blinking.
   445 | D:1      | 445 ||| Stepping ~*~*~tactically~*~*~ (cloud).
   447 | D:1      | HP: 4/16 [poisoned by you (poison gas)]
   449 | D:1      | HP: 1/16 [poisoned by you (poison gas)]
   450 | D:1      | Succumbed to their own poison gas

Levels and vault maps discovered:
D:1:      lemuel_arrival_room, layout_basic

Action                     || total
---------------------------++-------
   Fire: Shortbow          ||    12
    Use: Scroll            ||     2
  Dodge: Dodged            ||     1

Table legend:
 A = Non-vault XP
 B = Vault XP
 C = Vault XP percentage of total XP
 D = Non-vault monster count
 E = Vault monster count
 F = Vault count percentage of total count
                 A         B        C        D         E       F
            +---------+---------+-------+---------+---------+-------
      Total |      12 |       0 |   0.0 |       6 |       0 |   0.0
            +---------+---------+-------+---------+---------+-------
        D:1 |      12 |       0 |   0.0 |       6 |       0 |   0.0
            +---------+---------+-------+---------+---------+-------
